 Dungeon Sprint DCSS version 0.30-a0-949-g53dc5368d7 (webtiles) character file.

Game seed: 16645231024275763447

48652 fozzywoppz the Hoplite (level 14, -16/141 (143) HPs)
             Began as a Formicid Fighter on Mar 28, 2023.
             Was a High Priest of Okawaru.
             Demolished by an ettin
             ... wielding a +0 dire flail
              (32 damage)
             ... in the Dungeon (Sprint IX: "|||||||||||||||||||||||||||||").
             The game lasted 00:18:51 (3780 turns).

fozzywoppz the Hoplite (Formicid Fighter)           Turns: 3780, Time: 00:18:51

HP:   -16/141 (143) AC: 32    Str: 25    XL:     14   Next: 88%
MP:   23/23         EV: 14    Int:  9    God:    Okawaru [*****.]
Gold: 1325          SH: 10    Dex: 16    Spells: 13/13 levels left

rFire   . . .      SeeInvis +    y - +0 great mace (venom)
rCold   . . .      Faith    .    c - +0 buckler
rNeg    . . .      Spirit   .    p - +6 plate armour "Dirphyet" {rElec}
rPois   +          Reflect  .    (helmet unavailable)
rElec   +          Rampage  .    t - +0 cloak
rCorr   .                        z - +3 pair of gauntlets of War {Slay+5}
Will    +....                    (no boots) Stlth
                                 (no amulet)
HPRegen 0.43/turn                n - +3 ring of dexterity
MPRegen 0.18/turn                x - ring of poison resistance

@: lightly drained
A: permanent stasis, dig shafts and tunnels, antennae 3, four strong arms,
camouflage 1, MP-powered wands, sturdy frame 1
a: Dig, Renounce Religion, Heroism, Finesse


You were in the Dungeon.
You worshipped Okawaru.
Okawaru was extremely pleased with you.
You visited 1 branch You collected 1587 gold pieces.
You spent 262 gold pieces at shops.

Inventory:

Hand Weapons
 i - a +2 dire flail of protection
 y - a +0 great mace of venom (weapon)
 D - a +3 heavy great mace
Missiles
 m - 3 throwing nets
 E - an atropa-tipped dart (quivered)
Armour
 c - a +0 buckler (worn)
 p - the +6 plate armour "Dirphyet" (worn) {rElec}
   (Okawaru gifted it to you in the Dungeon)

   rElec:     It insulates you from electricity.
 t - a +0 cloak (worn)
 v - the +0 pair of gloves of Pan-Flutes {+Blink Will+ Int+2}
   (Okawaru gifted it to you in the Dungeon)

   Int:       It affects your intelligence (+2).
   +Blink:    It lets you blink.
   Will:      It increases your willpower.
 z - the +3 pair of gauntlets of War (worn) {Slay+5}
   (You found it in the Dungeon)

   Slay:      It affects your accuracy & damage with ranged weapons and melee
   (+5).
 C - a +2 chain mail of cold resistance
Jewellery
 e - a ring of ice
 n - a +3 ring of dexterity (left hand)
 u - a ring of protection from cold
 x - a ring of poison resistance (right hand)
Wands
 b - a wand of roots (3)
Scrolls
 h - 4 scrolls of blinking
 l - 2 scrolls of amnesia
 q - a scroll of fear
 r - 6 scrolls of enchant weapon
 s - a scroll of immolation
 A - a scroll of identify
 B - 2 scrolls of enchant armour
Potions
 a - a potion of resistance
 d - a potion of brilliance
 f - 2 potions of heal wounds
 g - 4 potions of magic
 j - 2 potions of invisibility
 k - 9 potions of curing
 o - a potion of flight {unknown}
 w - a potion of mutation


   Skills:
 + Level 23.1 Fighting
 - Level 16.0 Maces & Flails
 + Level 21.2 Armour
 - Level 10.0 Dodging
 + Level 23.1 Shields
 - Level 12.0 Invocations


You had 13 spell levels left.
You didn't know any spells.
Your spell library was empty.

Dungeon Overview and Level Annotations

Branches:
Dungeon (1/1)

Altars:
Cheibriados
Dithmenos
Elyvilon
Fedhas
Gozag
Hepliaklqana
Kikubaaqudgha
Makhleb
Nemelex Xobeh
Okawaru
Qazlal
Ru
Sif Muna
Trog
Uskayaw
Vehumet
Wu Jian
Xom
Yredelemnul
Zin
The Shining One
Jiyva
Lugonu

Shops:
D *[?(


Innate Abilities, Weirdness & Mutations

You cannot be hasted, slowed, berserked, paralysed or teleported.
You can dig through walls and to a lower floor.
You have a pair of large antennae on your head. (SInv)
Your four strong arms can wield two-handed weapons with a shield.
Your skin changes colour to match your surroundings (Stealth+).
You expend magic power (3 MP) to strengthen your wands.
Your movements are slightly less encumbered by armour. (ER -2)


Message History

The ettin's soul is no longer bound.
Unknown command.
The necromancer is engulfed in freezing vapours.
The necromancer casts a spell at you. The bolt of negative energy misses you.
Things that are here:
a +0 robe; a spriggan corpse The necromancer is engulfed in freezing vapours.
Things that are here:
a +2 demon blade; a +0 chain mail; a human corpse The ettin is engulfed in freezing vapours.
Things that are here:
a +0 robe; a spriggan corpse You sock the necromancer!
The necromancer is almost dead.
The hell knight utters an invocation to its god.
The hell knight blinks!
The necromancer casts a spell at you. The bolt of negative energy hits you!!
You feel drained.
* * * LOW HITPOINT WARNING * * *
You hit the necromancer.
You kill the necromancer!
Okawaru accepts your kill.
Unknown command.
Throw: 2 darts (atropa)
Press: ? - help, Q - select action, (/) - cycle Shift-Dir - straight line, f - ettin
Aim: an ettin, wielding two +0 dire flails (lightly wounded, 88% to hit, chance to blind on hit: 3%)
Okay, then.
Throw: 2 darts (atropa)
Press: ? - help, Q - select action, (/) - cycle Shift-Dir - straight line, f - ettin
Aim: an ettin, wielding two +0 dire flails (lightly wounded, 88% to hit, chance to blind on hit: 3%)
You throw an atropa-tipped dart. The atropa-tipped dart hits the ettin.
The ettin resists.
The ettin is lightly wounded.
You beat the ettin like a drum!!!
The ettin is severely wounded.
The hell knight prays to its god.
The hell knight blinks!
You block the ettin's attack.
The ettin hits you with a +0 dire flail!!
You die...

.!!..[[[[.[[[.))))))))....='.....
▓▓▓▓▓▓▓▓▓▓▓▓▓▓▓▓▓▓▓▓▓▓▓▓▓▓▓▓▓▓▓▓▓
....................))[))).......
▓▓▓▓▓▓▓▓▓▓▓▓♣♣♣♣♣♣♣♣♣♣▓▓▓▓▓▓▓▓▓▓▓
†)....).)))'.....)...'...........
▓▓▓▓▓▓▓▓▓▓▓▓♣♣♣♣♣♣♣♣♣♣▓▓▓▓▓▓▓▓▓▓▓
.......................).........
▓▓▓▓▓▓▓▓▓▓▓▓▓▓▓▓▓▓▓▓▓▓▓▓▓▓▓▓▓▓▓▓▓
{{ .D.....§.DDC@))'(............
▓▓▓▓▓▓▓▓▓▓▓▓▓▓▓▓▓▓▓▓▓▓▓▓▓▓▓▓▓ {


You could see 2 ice dragons and an ettin.

Vanquished Creatures
  Saint Roka (D)
  A lich (D)
  Rupert (D)
  Kirke (D)
  A very ugly thing (D)
  3 stone giants (D)
  Azrael (D)
  3 ettins (D)
  Josephine (D)
  An entropy weaver (D)
  2 fire dragons (D)
  An entropy weaver (shapeshifter) (D)
  A salamander tyrant (D)
  An ice dragon (D)
  A catoblepas (D)
  2 centaur warriors (D)
  A spriggan air mage (D)
  A jorogumo (D)
  Erica (D)
  2 deep troll shamans (D)
  2 tengu warriors (D)
  3 naga sharpshooters (D)
  A shock serpent (D)
  A hell knight (D)
  A skyshark (D)
  A skeletal warrior (D)
  4 goliath frogs (D)
  A swamp dragon (D)
  3 sea snakes (D)
  6 lindwurms (D)
  2 glowing orange brains (D)
  A necromancer (D)
  An orc knight (D)
  A deep elf pyromancer (D)
  6 orc sorcerers (D)
  3 ugly things (D)
  A wolf spider (D)
  A will-o-the-wisp (D)
  A guardian serpent (D)
  A black mamba (D)
  2 cane toads (D)
  2 naga magi (D)
  A yaktaur (D)
  A rime drake (D)
  A polar bear (D)
  A tengu conjurer (D)
  A polar bear (shapeshifter) (D)
  A meliai (shapeshifter) (D)
  A meliai (D)
  A troll (D)
  A tyrant leech (D)
  3 merfolk (D)
  A hornet (D)
  2 tarantellas (D)
  3 blink frogs (D)
  3 snapping turtles (D)
  A slime creature (D)
  A jumping spider (D)
  A culicivora (D)
  4 yaks (D)
  A spriggan (D)
  5 wraiths (D)
  4 humans (D)
  2 hogs (D)
  3 fire elementals (D)
  A redback (D)
  2 water moccasins (D)
  An acid dragon (D)
  3 hell hounds (D)
  10 orc warriors (D)
  2 kobold brigands (D)
  A scorpion (D)
  3 bullfrogs (D)
  A killer bee (D)
  3 orc priests (D)
  A hell rat (D)
  14 orc wizards (D)
  A gnoll (D)
  An adder (D)
  2 worms (D)
  10 orcs (D)
  2 endoplasms (D)
  A hobgoblin (D)
  A ball python (D)
  A ball python simulacrum (D)
  A bat (D)
177 creatures vanquished.

Vanquished Creatures (others)
  A vampire mage (D)
  A bloated husk (D)
  2 orc wizards (D)
  7 foxfires (D)
11 creatures vanquished.

Grand Total: 188 creatures vanquished

Notes
Turn   | Place    | Note
-------+----------+-------------------------------------------
     0 | D        | fozzywoppz the Formicid Fighter began the quest for the
                  | Orb.
     0 | D        | Reached XP level 1. HP: 18/18 MP: 1/1
    21 | D        | Noticed a scorpion
    24 | D        | Reached skill level 5 in Shields
    24 | D        | Reached XP level 2. HP: 21/25 MP: 2/2
    37 | D        | Killed a scorpion
    38 | D        | Reached skill level 5 in Fighting
    38 | D        | Reached skill level 5 in Armour
    38 | D        | Reached XP level 3. HP: 12/33 MP: 3/3
    38 | D        | Reached XP level 4. HP: 15/39 MP: 4/4
    78 | D        | Found a snail-covered altar of Cheibriados.
    78 | D        | Found a shadowy altar of Dithmenos.
    78 | D        | Found a white marble altar of Elyvilon.
    78 | D        | Found a blossoming altar of Fedhas.
    78 | D        | Found an opulent altar of Gozag.
    79 | D        | Found a hazy altar of Hepliaklqana.
    80 | D        | Found a viscous altar of Jiyva.
    81 | D        | Found an ancient bone altar of Kikubaaqudgha.
    82 | D        | Found a corrupted altar of Lugonu.
    83 | D        | Found a burning altar of Makhleb.
    84 | D        | Found a sparkling altar of Nemelex Xobeh.
    85 | D        | Found an iron altar of Okawaru.
    86 | D        | Found a stormy altar of Qazlal.
    87 | D        | Found a sacrificial altar of Ru.
    88 | D        | Found a shimmering blue altar of Sif Muna.
    91 | D        | Found a bloodstained altar of Trog.
    92 | D        | Found a hide-covered altar of Uskayaw.
    93 | D        | Found a radiant altar of Vehumet.
    94 | D        | Found an ornate altar of the Wu Jian Council.
    95 | D        | Became a worshipper of Warmaster Okawaru
    96 | D        | Found a shimmering altar of Xom.
    97 | D        | Found a basalt altar of Yredelemnul.
    98 | D        | Found a glowing silver altar of Zin.
    99 | D        | Found a glowing golden altar of the Shining One.
   162 | D        | Noticed a troll
   162 | D        | Noticed an acid dragon
   162 | D        | Noticed a kobold brigand
   162 | D        | Noticed a yak
   162 | D        | Noticed a kobold brigand
   169 | D        | Killed a kobold brigand
   170 | D        | Reached skill level 5 in Maces & Flails
   170 | D        | Reached XP level 5. HP: 46/47 MP: 4/7
   173 | D        | Killed a yak
   173 | D        | Reached * piety under Okawaru
   174 | D        | Reached skill level 5 in Invocations
   174 | D        | Reached XP level 6. HP: 55/56 MP: 4/10
   176 | D        | Reached XP level 7. HP: 38/63 MP: 4/12
   264 | D        | Killed an acid dragon
   278 | D        | Killed a troll
   279 | D        | Reached XP level 8. HP: 53/72 MP: 12/14
   340 | D        | Noticed a centaur warrior
   340 | D        | Noticed a deep elf pyromancer
   340 | D        | Noticed a green ugly thing
   340 | D        | Noticed an entropy weaver
   340 | D        | Noticed a slime creature
   340 | D        | Noticed a red ugly thing
   349 | D        | Killed a red ugly thing
   349 | D        | Reached ** piety under Okawaru
   350 | D        | Reached skill level 10 in Fighting
   350 | D        | Reached skill level 10 in Armour
   350 | D        | Reached skill level 10 in Invocations
   354 | D        | Killed a slime creature
   355 | D        | Reached skill level 10 in Maces & Flails
   356 | D        | Killed an entropy weaver
   356 | D        | Reached *** piety under Okawaru
   357 | D        | Reached XP level 9. HP: 50/81 MP: 14/18
   357 | D        | Killed a green ugly thing
   357 | D        | Received a gift from Okawaru
   358 | D        | Killed a deep elf pyromancer
   362 | D        | Killed a centaur warrior
   362 | D        | Reached **** piety under Okawaru
   363 | D        | Reached XP level 10. HP: 52/94 MP: 14/19
   488 | D        | Noticed a cane toad
   488 | D        | Noticed a rime drake
   490 | D        | Noticed a catoblepas
   492 | D        | Killed a rime drake
   493 | D        | Reached skill level 1 in Dodging
   499 | D        | Killed a cane toad
   533 | D        | Killed a catoblepas
   682 | D        | Noticed a cane toad
   682 | D        | Noticed a skyshark
   702 | D        | Killed a skyshark
   703 | D        | Reached XP level 11. HP: 78/101 MP: 12/20
   707 | D        | Reached skill level 15 in Fighting
   710 | D        | Reached ***** piety under Okawaru
   722 | D        | Reached skill level 5 in Dodging
   743 | D        | Reached skill level 10 in Shields
   752 | D        | Noticed a lindwurm
   752 | D        | Noticed a lindwurm
   752 | D        | Noticed a lindwurm
   752 | D        | Noticed a lindwurm
   758 | D        | Noticed a lindwurm
   761 | D        | Noticed a lindwurm
   767 | D        | Killed a lindwurm
   769 | D        | Killed a lindwurm
   771 | D        | Killed a lindwurm
   772 | D        | Reached skill level 15 in Maces & Flails
   775 | D        | Killed a lindwurm
   779 | D        | Killed a lindwurm
   784 | D        | Killed a lindwurm
  1200 | D        | Noticed an orc knight
  1225 | D        | Killed an orc knight
  1241 | D        | Reached XP level 12. HP: 83/113 MP: 17/21
  1334 | D        | Found Viyloi's Antique Weapon Boutique.
  1351 | D        | Found Koinenar's Magic Scroll Shop.
  1355 | D        | Received a gift from Okawaru
  1360 | D        | Found Paguss's Armour Boutique.
  1369 | D        | Found Olawemim's Assorted Antiques.
  1417 | D        | Bought a grey potion for 16 gold pieces
  1417 | D        | Bought 2 potions of curing for 108 gold pieces
  1417 | D        | Gained mutation: You expend magic power (3 MP) to
                  | strengthen your wands. [potion of mutation]
  1417 | D        | Gained mutation: Your skin changes colour to match your
                  | surroundings (Stealth+). [potion of mutation]
  1417 | D        | Gained mutation: Your movements are slightly less
                  | encumbered by armour. (ER -2) [potion of mutation]
  1423 | D        | Bought a scroll of immolation for 48 gold pieces
  1435 | D        | Bought a twisted emerald ring for 90 gold pieces
  1514 | D        | Noticed Josephine
  1525 | D        | Killed Josephine
  1536 | D        | Identified the +0 pair of gloves of Pan-Flutes {+Blink
                  | Will+ Int+2} (Okawaru gifted it to you in the Dungeon)
  1536 | D        | Received a gift from Okawaru
  1598 | D        | Noticed Erica
  1618 | D        | Killed Erica
  1882 | D        | Found the +3 pair of gauntlets of War {Slay+5}
  1949 | D        | Noticed a skeletal warrior
  1949 | D        | Noticed a centaur warrior
  1953 | D        | Noticed a tengu warrior
  1963 | D        | Killed a centaur warrior
  1964 | D        | Noticed an ettin
  1969 | D        | Killed a skeletal warrior
  1975 | D        | Noticed an ettin
  1984 | D        | Killed a tengu warrior
  1985 | D        | Reached skill level 15 in Armour
  1985 | D        | Noticed a deep troll shaman
  1991 | D        | Noticed a vampire mage
  1993 | D        | Reached skill level 15 in Shields
  2000 | D        | Killed an ettin
  2001 | D        | Reached skill level 10 in Dodging
  2001 | D        | Noticed a fire dragon
  2005 | D        | Killed an ettin
  2006 | D        | Reached XP level 13. HP: 76/122 MP: 18/22
  2012 | D        | Noticed a lich
  2022 | D        | Killed a fire dragon
  2036 | D        | Killed a lich
  2331 | D        | Noticed Kirke
  2346 | D        | Killed Kirke
  2396 | D        | Noticed Saint Roka
  2408 | D        | Received a gift from Okawaru
  2424 | D        | Killed Saint Roka
  2678 | D        | Identified the +6 plate armour "Dirphyet" {rElec} (Okawaru
                  | gifted it to you in the Dungeon)
  2678 | D        | Received a gift from Okawaru
  2876 | D        | Noticed a salamander tyrant
  2881 | D        | Killed a salamander tyrant
  2916 | D        | Reached XP level 14. HP: 74/136 MP: 15/23
  3301 | D        | Noticed Rupert
  3317 | D        | Killed Rupert
  3358 | D        | Noticed Azrael
  3372 | D        | Killed Azrael
  3542 | D        | Noticed a stone giant
  3542 | D        | Noticed a stone giant
  3547 | D        | Received a gift from Okawaru
  3560 | D        | Killed a stone giant
  3565 | D        | Killed a stone giant
  3566 | D        | Received a gift from Okawaru
  3599 | D        | Noticed a brown very ugly thing
  3624 | D        | Killed a brown very ugly thing
  3743 | D        | Noticed a stone giant
  3770 | D        | Killed a stone giant
  3780 | D        | Demolished by an ettin

Illustrated notes

Levels and vault maps discovered:
D:        linesprint [early_d, line_temple, items_1, d_10, items_2, lair_1,
          lair_end, items_3, orc_1, orc_end, items_4, d_15, swamp_1, shoals_1,
          snake_1, spider_1, d_20, vaults_1, items_5, swamp_end, shoals_end,
          snake_end, spider_end, vaults_end, d_27, items_6, zot_1, zot_end,
          crypt_end, forest_end, elf_end, slime_end, tomb_end, abyss_end,
          pan_hell_end]

Skill      XL: |  1  2  3  4  5  6  7  8  9 10 11 12 13 14 |
---------------+-------------------------------------------+-----
Fighting       | 4 5 6 8 9 11 14 16 18 20 23 | 23.1
Maces & Flails | 3 4 5 6 7 8 11 13 14 15 16 | 16.0
Armour         | 4 5 6 8 9 10 11 13 15 18 21 | 21.2
Shields        | 5 6 8 12 15 19 23 | 23.1
Invocations    | 3 5 6 8 12 | 12.0
Dodging        | 4 7 10 | 10.0

Action                     |  1- 3 |  4- 6 |  7- 9 | 10-12 | 13-15 || total
---------------------------+-------+-------+-------+-------+-------++-------
  Melee: Flail             |    26 |     8 |       |       |       ||    34
         Dire flail        |       |    12 |    36 |   318 |    90 ||   456
         Great mace        |       |       |       |       |   259 ||   259
  Throw: Dart              |       |       |       |       |     1 ||     1
 Invoke: Heroism           |       |       |     1 |     6 |     6 ||    13
         Finesse           |       |       |       |     7 |     5 ||    12
  Evoke: Wand              |       |     1 |     5 |     4 |     2 ||    12
    Use: Potion            |     1 |       |     1 |     3 |     5 ||    10
         Scroll            |       |       |       |     1 |       ||     1
   Stab: Petrified         |       |       |       |     2 |       ||     2
 Armour: Scale mail        |     8 |     4 |       |       |       ||    12
         Chain mail        |       |     4 |    25 |    62 |    19 ||   110
         Plate armour      |       |       |       |       |    53 ||    53
  Dodge: Dodged            |     8 |     6 |    14 |    61 |    95 ||   184
  Block: Buckler           |     7 |     2 |    18 |    50 |    73 ||   150

Table legend: (Time is in decaauts)
 A = Elapsed time spent in this place.
 B = Non-inter-level travel time spent in this place.
 C = Inter-level travel time spent in this place.
 D = Time resting spent in this place.
 E = Time spent auto-exploring this place.
 F = Levels seen in this place.
 G = Mean time per level.
                   A        B        C        D        E       F      G
               +--------+--------+--------+--------+--------+-----+--------+
         Total |   3404 |   3404 |      0 |   1827 |      0 |   1 | 3404.0 |
       Dungeon |   3404 |   3404 |      0 |   1827 |      0 |   1 | 3404.0 |
               +--------+--------+--------+--------+--------+-----+--------+

Top non-repeatable levels by time:
       D: 3404 daAuts
